 Dungeon Crawl Stone Soup version 0.24.0-13-gcf9b319 (webtiles) character file.

Game seed: 807029757214079038, levelgen mode: deterministic

53 Doobh the Stinger (level 3, 0/25 HPs)
             Began as a Demonspawn Venom Mage on Dec 30, 2019.
             Succumbed to an adder's poison
             ... on level 2 of the Dungeon.
             The game lasted 00:08:25 (1718 turns).

Doobh the Stinger (Demonspawn Venom Mage)           Turns: 1718, Time: 00:08:25

Health: 0/25       AC:  2    Str: 13    XL:     3   Next: 62%
Magic:  2/6        EV: 12    Int: 17    God:
Gold:   92         SH:  0    Dex: 13    Spells: 2/6 levels left

rFire    . . .     SeeInvis .   (no weapon)
rCold    . . .     Gourm    .   (no shield)
rNeg     . . .     Faith    .   a - +0 robe
rPois    .         Spirit   .   (helmet restricted)
rElec    .         Reflect  .   (no cloak)
rCorr    .         Harm     .   (no gloves)
MR       .....                  (no boots)
Stlth    ++........             (no amulet)
HPRegen  0.08/turn              (no ring)
MPRegen  0.10/turn              (no ring)

@: mighty, lethally poisoned (0 -> -2)
A: antennae 1, powered by pain 1
a: no special abilities


You were on level 2 of the Dungeon.
You were not hungry.

You visited 1 branch of the dungeon, and saw 2 of its levels.

You collected 92 gold pieces.

Inventory:

Missiles
 b - 8 poisoned darts (quivered)
Armour
 a - a +0 robe (worn)
Jewellery
 f - a +6 ring of slaying {unknown}
Scrolls
 d - 2 scrolls of identify {unknown}
 e - a scroll of remove curse {unknown}
 k - a scroll of magic mapping {unknown}
 m - a scroll of teleportation {unknown}
Comestibles
 c - 5 rations
 g - 3 chunks of flesh


   Skills:
 + Level 0.9 Fighting
 + Level 0.5 Armour
 + Level 2.1 Dodging
 + Level 2.1 Stealth
 + Level 0.7 Unarmed Combat
 * Level 2.4 Spellcasting
 + Level 1.3 Conjurations
 + Level 3.2 Poison Magic


You had 2 spell levels left.
You knew the following spells:

 Your Spells              Type           Power        Failure   Level  Hunger
a - Sting                 Conj/Pois      #...         7%          1    #......
b - Mephitic Cloud        Conj/Pois/Air  #.......     30%         3    ###....

Your spell library contained the following spells:

 Spells                   Type           Power        Failure   Level  Hunger
 Poisonous Vapours        Pois/Air       #.....       14%         2    ##.....
 Olgreb's Toxic Radiance  Pois           ##......     43%         4    #####..
 Venom Bolt               Conj/Pois      #.........   89%         5    ######.


Dungeon Overview and Level Annotations

Branches:
Dungeon (2/15)

Altars:


Innate Abilities, Weirdness & Mutations

You have a pair of small antennae on your head.
You sometimes gain a little power by taking damage.


Message History

You hit the hobgoblin.
The hobgoblin is almost dead.
* * * LOW HITPOINT WARNING * * *
You feel sick. The hobgoblin hits you.
* * * LOW HITPOINT WARNING * * *
You hit the hobgoblin.
You kill the hobgoblin!
You see here a hobgoblin corpse.
* * * LOW HITPOINT WARNING * * *
You feel sick.
You see here a hobgoblin corpse.
You butcher the hobgoblin corpse.
Things that are here:
3 chunks of flesh; a hobgoblin skeleton
g - 3 chunks of flesh
* * * LOW HITPOINT WARNING * * *
You feel sick.
There is a lethal amount of poison in your body!
There is a lethal amount of poison in your body!
You die...

##.## #.#
#######################...#####..
#...).....#.......#.....#......##
#.#.........####....###...####.##
....######...# ##.### ##.## #.##
....# #...# #.# #.# #.##
....######...# #># #.# #.##
###.##......#####.# #.# #.#.
....g...###..รท..@.# #.# #..#
.......)# ####.#..# #.# #..#
###.###.# #.#..######.# #..# #.#
#.# #.#.........# ##.. ..# #.#
#.#..######## #.. ...# #.# #.#..#
#.. ##.## #.# #.#..# ###.. #. #.#
#.#..####### ###....
#####.#........###......


There were no monsters in sight!

Vanquished Creatures
  An adder (D:2)
  An ooze (D:1)
  2 dart slugs (D:1)
  2 leopard geckos (D:1)
  7 bats
  2 giant cockroaches (D:1)
  2 goblins (D:2)
  5 hobgoblins
  6 frilled lizards
  5 kobolds
  3 rats (D:1)
36 creatures vanquished.

Notes
Turn   | Place    | Note
-------+----------+-------------------------------------------
     0 | D:1      | Doobh the Demonspawn Venom Mage began the quest for the
                  | Orb.
     0 | D:1      | Reached XP level 1. HP: 13/13 MP: 3/3
   496 | D:1      | Gained mutation: You sometimes gain a little power by
                  | taking damage. [demonic ancestry]
   496 | D:1      | Reached XP level 2. HP: 11/19 MP: 3/5
   972 | D:1      | Gained mutation: You have a pair of small antennae on your
                  | head. [demonic ancestry]
   972 | D:1      | Reached XP level 3. HP: 16/25 MP: 3/6
  1387 | D:2      | Learned a level 3 spell: Mephitic Cloud
  1700 | D:2      | HP: 1/25 [adder (2)]
  1714 | D:2      | HP: 1/25 [poisoned by an adder]
  1718 | D:2      | Succumbed to an adder's poison

Levels and vault maps discovered:
D:1:      evilmike_arrival_rings, layout_basic
D:2:      layout_loops_ring, first_ration

Skill      XL: |  1  2  3 |
---------------+----------+-----
Stealth        | 2 |  2.1
Dodging        | 2 |  2.1
Fighting       | |  0.9
Armour         | |  0.5
Unarmed Combat | |  0.7
Spellcasting   | |  2.4
Conjurations   | |  1.3
Poison Magic   | |  3.2

Action                   || total
-------------------------++-------
Melee: Unarmed           ||    71
 Cast: Sting             ||    63
  Use: Potion            ||     5
  Eat: Chunk             ||     3
Armor: Robe              ||    16
Dodge: Dodged            ||    58
